Map: Abyssal Reef LE

Players

Marine

  • Race: Terran Terran
  • League: Gold
  • Spawn Location: 5:00

NewMetaNoob - Winner!

  • Race: Zerg Zerg
  • League: Master
  • Spawn Location: 11:00

VOD

Have the link to the VOD?

Description

Time

  • Played on: May 21, 2017, 11:46 a.m.
  • Length: 10:11
Show
View Real Time Build Order
Export as new Build Order

Marine Terran 

Build Orders: Reaper Expand 

Get SALT Encoding   

  12  0:01  SCV  
  13  0:16  Supply Depot  
  13  0:17  SCV  
  14  0:29  SCV  
  14  0:34  Refinery  
  15  0:41  SCV  
  16  0:46  Barracks  
  16  0:55  SCV  
  17  1:10  SCV  
  18  1:21  Refinery  
  18  1:24  SCV  
  19  1:43  Command Center  
  19  1:46  SCV  
  19  1:53  Reaper  
  20  2:00  SCV  
  21  2:11  Factory  
  21  2:17  SCV  
  22  2:27  Supply Depot  
  23  2:39  Orbital Command  
  22  2:52  Ghost Academy  
  22  2:59  Orbital Command  
  22  3:06  Barracks Tech Lab  
  22  3:10  SCV  
  23  3:19  Barracks  
  23  3:23  SCV  
  23  3:24  Ghost Academy  
  24  3:31  SCV  
  25  3:35  Personal Cloaking  
  25  3:44  SCV x2  
  25  3:47  Ghost  
  29  4:01  Supply Depot  
  29  4:02  SCV x2  
  31  4:05  Nuke  
  31  4:09  Barracks Tech Lab  
  31  4:14  SCV x2  
  33  4:26  SCV x2  
  33  4:29  Refinery  
  35  4:34  Refinery  
  35  4:37  Supply Depot  
  35  4:38  SCV  
  35  4:39  SCV  
  37  4:48  Engineering Bay  
  37  4:50  SCV  
  37  4:51  SCV  
  39  5:01  Ghost, Nuke  
  39  5:03  SCV x2  
  43  5:14  Ghost  
  43  5:15  Engineering Bay, SCV x2  
  47  5:28  SCV x2  
  49  5:39  Orbital Command  
  49  5:43  SCV  
  49  5:44  SCV  
  49  5:48  Orbital Command  
  51  5:56  Command Center  
  49  6:14  SCV x2  
  49  6:15  Ghost x2  
  55  6:24  Barracks  
  55  6:32  SCV x2  
  57  6:48  Ghost, SCV x2  
  61  7:02  SCV  
  61  7:07  Ghost, SCV  
  65  7:19  SCV  
  65  7:20  Orbital Command, SCV  
  65  7:23  Ghost  
  65  7:25  Nuke x2  
  65  7:28  Terran Infantry Weapons Level 1, Terran Infantry Armor Level 1  
  67  7:35  Ghost  
  69  7:58  SCV x3  
  71  8:02  Barracks Tech Lab  
  72  8:09  Ghost x2  
  76  8:27  Ghost Academy  
  76  8:28  Ghost Academy  
  76  8:37  SCV  
  77  8:43  Supply Depot  
  77  8:44  Supply Depot  
  77  8:45  Supply Depot x2  
  77  8:46  Supply Depot  
  77  8:48  Supply Depot  
  77  9:04  Ghost x2, SCV x3  
  84  9:13  Supply Depot  
  84  9:15  Supply Depot  
  84  9:17  Barracks  
  84  9:18  SCV x3, Supply Depot  
  84  9:19  Ghost  
  84  9:20  Supply Depot  
  84  9:21  Supply Depot  
  85  9:31  SCV x2  
  85  9:32  SCV  
  85  9:35  Ghost x2  
  85  9:38  Barracks  
  92  9:41  Barracks  
  92  9:44  Barracks  
  90  9:47  Barracks  
Show
View Real Time Build Order
Export as new Build Order

NewMetaNoob Zerg - Winner!

Build Orders: Hatch First 

Get SALT Encoding   

  12  0:01  Drone  
  13  0:08  Drone  
  14  0:20  Drone, Extractor x2  
  13  0:22  Drone  
  13  0:27  Overlord  
  16  0:49  Hatchery  
  15  0:52  Drone  
  15  0:55  Drone  
  17  1:01  Drone  
  17  1:02  Extractor  
  17  1:17  Spawning Pool  
  16  1:20  Drone  
  16  1:23  Drone  
  18  1:27  Drone  
  19  1:44  Drone  
  20  1:57  Drone  
  21  2:06  Queen x2  
  21  2:07  Zergling x4  
  27  2:10  Drone  
  28  2:16  Overlord  
  28  2:35  Hatchery  
  27  2:38  Drone x3  
  27  2:41  Drone  
  31  2:58  Queen  
  31  2:59  Queen  
  31  3:03  Metabolic Boost  
  35  3:08  Overlord  
  35  3:12  Overlord  
  35  3:15  Drone  
  36  3:33  Drone x7  
  43  3:48  Drone x5  
  44  3:51  Queen  
  44  3:53  Drone  
  51  4:00  Drone x4  
  55  4:07  Lair  
  55  4:13  Spore Crawler  
  53  4:17  Drone x3, Spore Crawler x2  
  54  4:24  Extractor  
  53  4:38  Drone x5  
  58  4:43  Spore Crawler  
  57  4:55  Drone  
  57  4:56  Overlord  
  57  4:57  Overlord  
  57  4:59  Overlord  
  58  5:00  Overlord  
  58  5:01  Overlord  
  58  5:18  Drone, Spire  
  58  5:20  Drone x2  
  58  5:21  Drone, Extractor  
  60  5:22  Pneumatized Carapace  
  60  5:27  Extractor  
  59  5:31  Spine Crawler  
  58  5:40  Drone  
  58  5:41  Drone x6  
  65  5:43  Extractor x2  
  63  6:05  Spore Crawler  
  63  6:07  Drone x2  
  63  6:08  Drone x3  
  63  6:09  Drone x3  
  70  6:18  Hatchery  
  69  6:26  Hatchery, Spore Crawler  
  69  6:30  Spore Crawler  
  69  6:31  Drone x6  
  72  6:33  Spore Crawler  
  72  6:35  Mutalisk x7  
  85  6:41  Drone  
  85  6:42  Drone x5  
  85  6:46  Hatchery  
  90  7:01  Overseer  
  90  7:06  Overseer  
  90  7:19  Drone  
  91  7:41  Drone x3  
  91  7:42  Drone x6  
  91  7:43  Drone x5  
  105  7:51  Infestation Pit  
  105  7:58  Zerg Flyer Weapons Level 1, Hydralisk Den, Hatchery, Drone  
  102  8:05  Drone, Evolution Chamber  
  102  8:06  Drone  
  102  8:07  Evolution Chamber, Roach Warren  
  102  8:09  Evolution Chamber  
  102  8:10  Drone x2  
  103  8:32  Spore Crawler  
  103  8:33  Spore Crawler  
  101  8:34  Drone x5, Extractor, Spine Crawler  
  101  8:35  Drone x2, Extractor, Overlord  
  101  8:36  Overlord x2  
  101  8:37  Overlord x2  
  101  8:38  Overlord  
  101  8:39  Overlord  
  101  8:40  Overlord  
  105  8:50  Pathogen Glands  
  105  8:51  Glial Reconstitution  
  103  8:55  Hive  
  103  8:56  Burrow  
  103  9:01  Overseer  
  99  9:25  Overseer x2  
  99  9:28  Mutalisk x5  
  99  9:29  Mutalisk x8  
  125  9:37  Drone x3  
  128  9:38  Spore Crawler  
  128  9:40  Spore Crawler  
  128  9:42  Drone x3, Spine Crawler  
  128  9:45  Mutalisk x2  
  130  9:46  Drone x2  
  130  9:47  Drone x2, Spine Crawler  
  133  9:57  Extractor  
  133  9:59  Extractor  
  123  10:00  Extractor  
  123  10:01  Extractor, Spine Crawler  
Tags
 
Add a new tag
Caveats
  • Supply blocks, unpowered buildings, or Contaminate may cause inaccurate times.
  • Supply counts are checked every 10 seconds.